 Dungeon Sprint DCSS version 0.26-a0-707-g31817bcca1 (webtiles) character file.

Game seed: 7643010060777226644

29100000 jfcaron the Conqueror (level 27, -11/249 HPs)
             Began as a Formicid Warper on Oct 27, 2020.
             Was the Champion of Makhleb.
             Killed by divine providence
             ... invoked by an observer
              (13 damage)
             ... in the Dungeon (Sprint VIII: "Arena of Blood").
             The game lasted 00:05:08 (291 turns).

jfcaron the Conqueror (Formicid Warper)              Turns: 291, Time: 00:05:09

Health: -11/249    AC:  6    Str: 19    XL:     27
Magic:  54/54      EV: 32    Int: 15    God:    Makhleb [******]
Gold:   0          SH:  0    Dex: 18    Spells: 67/80 levels left

rFire    + . .     SeeInvis +   b - +∞ Axe of Woe
rCold    . . .     Faith    .   (no shield)
rNeg     . . .     Spirit   .   a - +0 leather armour
rPois    .         Reflect  .   (helmet unavailable)
rElec    .         Harm     .   (no cloak)
rCorr    .         Rampage  .   (no gloves)
MR       ++...                  (no boots)
Stlth    +++.......             (no amulet)
HPRegen  0.51/turn              g - ring of protection from fire
MPRegen  0.34/turn              (no ring)

@: confused, drained
A: permanent stasis, dig shafts and tunnels, four strong arms, antennae 3
a: Dig, Minor Destruction, Lesser Servant of Makhleb, Major Destruction, Greater
Servant of Makhleb, Renounce Religion


You were in the Dungeon.
You worshipped Makhleb.
Makhleb was exalted by your worship.
You visited 1 branch

Inventory:

Hand Weapons
 b - the +∞ Axe of Woe (weapon)
   (You found it in the Dungeon)
Missiles
 c - 5 boomerangs of dispersal (quivered)
Armour
 a - a +0 leather armour (worn)
Jewellery
 g - a ring of protection from fire (left hand)
Potions
 d - a potion of curing
 e - a potion of heal wounds
 f - 2 potions of magic


   Skills:
 O Level 27(25.5) Fighting
 O Level 27(25.5) Axes
 O Level 27(25.5) Throwing
 O Level 27(25.5) Armour
 O Level 27(25.5) Dodging
 O Level 27(25.5) Stealth
 O Level 27(25.5) Unarmed Combat
 O Level 27(25.5) Spellcasting
 O Level 27(25.5) Translocations
 O Level 27(25.5) Invocations


You had 67 spell levels left.
You knew the following spells:

 Your Spells              Type           Power        Failure   Level
a - Gell's Gravitas       Tloc           #######...   0%          3
b - Lesser Beckoning      Tloc           #######...   0%          3
c - Teleport Other        Tloc           #######.     0%          3
d - Passage of Golubria   Tloc           N/A          0%          4

Your spell library contained the following spells:

 Spells                   Type           Power        Failure   Level
 Blink                    Tloc           Unusable     N/A         2

Dungeon Overview and Level Annotations

Branches:
Dungeon (1/1)

Altars:
Makhleb


Innate Abilities, Weirdness & Mutations

You cannot be hasted, slowed, berserked, paralysed or teleported.
You can dig through walls and to a lower floor.
Your four strong arms can wield two-handed weapons with a shield.
You have a pair of large antennae on your head. (SInv)


Message History

* * * LOW HITPOINT WARNING * * *
You hold your ground!
You hear a shout! x2
A sculptor of flesh comes into view. It is wielding a +9 great sword.
Some rock shatters into small pieces.
A vile comes into view. It is wielding a +0 flail.
The eight-headed meat hydra calls on the powers of darkness!
The eight-headed meat hydra convulses!
The bag of meat convulses! x3
The observer convulses!
The meat berserker convulses!
The bag of meat convulses!
You feel a surge of unholy energy.
The bag of meat convulses!
The observer convulses! x2
The meat berserker convulses! x2
You hear a shout!
An observer comes into view.
A vile comes into view. It is wielding a +0 flail.
You hear a shout! x3
You are more confused.
The observer gazes at you. Something smites you!
You die... zG .2. 9 .... #G...9# po.Doo2#

# #o.o.G9O# .#
2....o...##.#
o2..W9.#9@.#############
o9..oMG.92......#.#....#
O.....#.G#...#.#.#.###.#


MOOO. #...#..####### #.# p#9. 9##. #.# #.# #z.{ .# ##. ## #.# O# .. #. #.# {{..
#. #.# ## #.# You could see an accursed, 3 meat beasts, an eight-headed meat
hydra, 4 observers, a sculptor of flesh (wandering), 6 viles, 3 meat berserkers
and 5 bags of meat.

Vanquished Creatures
  A molten gargoyle (D)
  A hell beast (D)
  8 vampire knights (D)
  22 ogres (D)
  3 two-headed ogres (D)
  A lich (D)
  58 orcs (D)
  3 large abominations (D)
  A small abomination (D)
  4 crawling corpses (D)
102 creatures vanquished.

Notes
Turn   | Place    | Note
-------+----------+-------------------------------------------
     0 | D        | Found the +∞ Axe of Woe
     0 | D        | jfcaron the Formicid Warper began the quest for the Orb.
     0 | D        | Reached XP level 1. HP: 16/16 MP: 3/3
     3 | D        | Became a worshipper of Makhleb the Destroyer
     5 | D        | Noticed a bag of meat
     5 | D        | Noticed a bag of meat
     6 | D        | Noticed a bag of meat
     6 | D        | Noticed a bag of meat
     6 | D        | Noticed a bag of meat
     6 | D        | Noticed a bag of meat
     6 | D        | Noticed a meat berserker
     6 | D        | Noticed a bag of meat
     6 | D        | Noticed a bag of meat
     7 | D        | Noticed a bag of meat
     8 | D        | Noticed a meat berserker
     9 | D        | Killed a bag of meat
     9 | D        | Reached XP level 2. HP: 43/43 MP: 3/16
     9 | D        | Reached XP level 3. HP: 49/49 MP: 3/17
     9 | D        | Reached XP level 4. HP: 56/56 MP: 3/19
     9 | D        | Reached XP level 5. HP: 62/62 MP: 3/20
     9 | D        | Reached XP level 6. HP: 69/69 MP: 3/22
     9 | D        | Reached XP level 7. HP: 75/75 MP: 3/23
     9 | D        | Reached XP level 8. HP: 82/82 MP: 3/25
     9 | D        | Reached XP level 9. HP: 88/88 MP: 3/26
     9 | D        | Reached XP level 10. HP: 95/95 MP: 3/27
     9 | D        | Reached XP level 11. HP: 101/101 MP: 3/28
     9 | D        | Reached XP level 12. HP: 108/108 MP: 3/29
     9 | D        | Noticed a bag of meat
    10 | D        | Killed a meat berserker
    10 | D        | Reached * piety under Makhleb
    10 | D        | Reached skill level 15 in Dodging
    10 | D        | Reached XP level 13. HP: 122/122 MP: 3/33
    10 | D        | Reached XP level 14. HP: 129/129 MP: 3/34
    10 | D        | Killed a bag of meat
    10 | D        | Reached XP level 15. HP: 139/139 MP: 3/36
    10 | D        | Reached ** piety under Makhleb
    10 | D        | Reached XP level 16. HP: 150/150 MP: 3/39
    10 | D        | Noticed a meat berserker
    10 | D        | Noticed a meat berserker
    11 | D        | Reached *** piety under Makhleb
    11 | D        | Reached XP level 17. HP: 163/163 MP: 3/42
    11 | D        | Noticed a meat berserker
    12 | D        | Killed a meat berserker
    12 | D        | Reached XP level 18. HP: 177/177 MP: 4/45
    12 | D        | Reached **** piety under Makhleb
    13 | D        | Killed a meat berserker
    13 | D        | Reached skill level 27 in Fighting
    13 | D        | Reached skill level 27 in Armour
    13 | D        | Reached XP level 19. HP: 189/189 MP: 4/48
    14 | D        | Noticed a meat berserker
    14 | D        | Noticed a meat berserker
    15 | D        | Killed a meat berserker
    15 | D        | Reached skill level 27 in Axes
    15 | D        | Reached skill level 27 in Spellcasting
    15 | D        | Reached XP level 20. HP: 197/197 MP: 4/51
    15 | D        | Killed a meat berserker
    15 | D        | Reached ***** piety under Makhleb
    15 | D        | Reached skill level 27 in Dodging
    15 | D        | Noticed a meat berserker
    19 | D        | Killed a meat berserker
    19 | D        | Reached skill level 15 in Invocations
    19 | D        | Reached XP level 21. HP: 204/204 MP: 6/52
    19 | D        | Killed a meat berserker
    20 | D        | Killed a meat berserker
    20 | D        | Reached XP level 22. HP: 212/212 MP: 6/53
    20 | D        | Noticed a meat berserker
    21 | D        | Noticed a destroyer
    22 | D        | Noticed a destroyer
    23 | D        | Noticed a meat berserker
    23 | D        | Noticed a destroyer
    25 | D        | Noticed a meat berserker
    25 | D        | Noticed a destroyer
    25 | D        | Noticed a meat berserker
    26 | D        | Killed a destroyer
    26 | D        | Reached skill level 27 in Stealth
    26 | D        | Reached skill level 27 in Invocations
    26 | D        | Reached XP level 23. HP: 219/219 MP: 8/54
    26 | D        | Reached ****** piety under Makhleb
    26 | D        | Reached skill level 27 in Throwing
    26 | D        | Reached skill level 27 in Unarmed Combat
    27 | D        | Noticed a large bag of meat
    28 | D        | Killed a destroyer
    28 | D        | Reached XP level 24. HP: 227/227 MP: 8/54
    28 | D        | Killed a destroyer
    30 | D        | Noticed a destroyer
    30 | D        | Noticed a destroyer
    31 | D        | Reached XP level 25. HP: 234/234 MP: 9/54
    32 | D        | Reached XP level 26. HP: 242/242 MP: 9/54
    33 | D        | Reached XP level 27. HP: 249/249 MP: 10/54
    34 | D        | Killed a destroyer
    34 | D        | Killed a destroyer
    35 | D        | Killed a large bag of meat
    35 | D        | Noticed a destroyer
    37 | D        | Noticed a large bag of meat
    39 | D        | Noticed a destroyer
    41 | D        | Killed a destroyer
    45 | D        | Noticed a large bag of meat
    45 | D        | Noticed a large bag of meat
    46 | D        | Noticed a large bag of meat
    46 | D        | Noticed a large bag of meat
    47 | D        | Noticed a destroyer
    49 | D        | Noticed a tyrant
    51 | D        | Killed a large bag of meat
    52 | D        | Killed a destroyer
    53 | D        | Killed a large bag of meat
    55 | D        | Killed a destroyer
    68 | D        | Learned a level 3 spell: Gell's Gravitas
    72 | D        | Learned a level 3 spell: Lesser Beckoning
    76 | D        | Learned a level 3 spell: Teleport Other
    81 | D        | Learned a level 4 spell: Passage of Golubria
    84 | D        | Reached skill level 27 in Translocations
    87 | D        | Killed a tyrant
   285 | D        | Noticed a vile
   286 | D        | Noticed an accursed
   286 | D        | Noticed a large bag of meat
   286 | D        | Noticed a meat beast
   286 | D        | Noticed a meat beast
   286 | D        | Noticed a fleshlord
   286 | D        | Noticed a meat beast
   286 | D        | Noticed a vile
   286 | D        | Noticed a fleshlord
   286 | D        | Noticed a vile
   286 | D        | Noticed a vile
   286 | D        | Noticed a vile
   288 | D        | Noticed a vile
   289 | D        | Noticed a meat beast
   289 | D        | Noticed a vile
   289 | D        | Noticed a vile
   290 | D        | Killed a vile
   290 | D        | Killed a meat beast
   290 | D        | HP: 20/249 [wretched soul/bolt of negative energy (115)]
   291 | D        | Noticed a meat beast
   291 | D        | HP: 2/249 [meat beast (9)]
   291 | D        | Noticed a vile
   291 | D        | Noticed a vile
   291 | D        | Killed from afar by an observer

Illustrated notes

Levels and vault maps discovered:
D:        meatsprint

Skill      XL: |  1  2  3  4  5  6  7  8  9 10 11 12 13 14 15 16 17 18 19 20 21 22 23 24 25 26 27 |
---------------+----------------------------------------------------------------------------------+-----
Fighting       | 14 17 19 20 23 25 27 | 27.0
Axes           | 13 16 17 19 21 23 25 27 | 27.0
Armour         | 14 17 18 20 23 25 27 | 27.0
Dodging        | 12 15 16 18 20 21 24 26 27 | 27.0
Spellcasting   | 13 16 17 19 21 23 25 27 | 27.0
Throwing       | 13 19 24 27 | 27.0
Stealth        | 17 24 27 | 27.0
Unarmed Combat | 13 20 24 27 | 27.0
Invocations    | 15 22 27 | 27.0
Translocations | 27 | 27.0

Action                   |  1- 3 |  4- 6 |  7- 9 | 10-12 | 13-15 | 16-18 | 19-21 | 22-24 | 25-27 || total
-------------------------+-------+-------+-------+-------+-------+-------+-------+-------+-------++-------
Melee: Executioner's axe |     1 |       |       |     1 |       |     3 |     3 |     3 |    20 ||    31
Invok: Major Destruction |       |       |       |       |       |       |       |     1 |       ||     1
 Abil: Dig               |       |       |       |       |       |       |       |       |     3 ||     3
Armor: Leather armour    |       |       |       |       |       |       |       |       |     1 ||     1
Dodge: Dodged            |       |       |       |       |       |       |     1 |     6 |     2 ||     9

Table legend: (Time is in decaauts)
 A = Elapsed time spent in this place.
 B = Non-inter-level travel time spent in this place.
 C = Inter-level travel time spent in this place.
 D = Time resting spent in this place.
 E = Time spent auto-exploring this place.
 F = Levels seen in this place.
 G = Mean time per level.
                   A        B        C        D        E       F      G
               +--------+--------+--------+--------+--------+-----+--------+
         Total |    312 |    312 |      0 |     60 |      0 |   1 |  312.0 |
       Dungeon |    312 |    312 |      0 |     60 |      0 |   1 |  312.0 |
               +--------+--------+--------+--------+--------+-----+--------+

Top non-repeatable levels by time:
       D: 312 daAuts
